 Dungeon Crawl Stone Soup version 0.25.1-8-g42b30a86e7 (webtiles) character file.

Game seed: 3217898897203614887

68 gruber the Poker (level 4, 0/35 HPs)
             Began as a Demonspawn Berserker on Dec 13, 2020.
             Was a Believer of Trog.
             Slain by a kobold
             ... wielding a +0 mace of protection
              (14 damage)
             ... on level 2 of the Dungeon.
             The game lasted 00:01:44 (2187 turns).

gruber the Poker (Demonspawn Berserker)             Turns: 2187, Time: 00:01:44

Health: 0/35       AC:  2    Str: 19    XL:     4   Next: 1%
Magic:  4/4        EV: 14    Int:  8    God:    Trog [**....]
Gold:   114        SH:  0    Dex: 18    Spells: 3/3 levels left

rFire    . . .     SeeInvis .   a - +0 spear
rCold    . . .     Gourm    .   (no shield)
rNeg     . . .     Faith    .   b - +0 animal skin
rPois    .         Spirit   .   (no helmet)
rElec    .         Reflect  .   (no cloak)
rCorr    .         Harm     .   (no gloves)
MR       .....                  (no boots)
Stlth    ++........             (no amulet)
HPRegen  0.11/turn              f - ring of wizardry
MPRegen  0.09/turn              j - +6 ring of dexterity

@: berserk cooldown, slowed, very slow
A: repulsion field 1, powered by death 1
a: Berserk, Trog's Hand, Renounce Religion


You were on level 2 of the Dungeon.
You worshipped Trog.
Trog was pleased with you.
You were not hungry.

You visited 1 branch of the dungeon, and saw 2 of its levels.

You collected 114 gold pieces.

Inventory:

Hand Weapons
 a - a +0 spear (weapon)
Missiles
 d - 19 poisoned darts (quivered)
Armour
 b - a +0 animal skin (worn)
Jewellery
 f - a ring of wizardry (left hand)
 j - a +6 ring of dexterity (right hand)
Scrolls
 e - a scroll of enchant armour {unknown}
 g - 2 scrolls of identify {unknown}
 h - a scroll of immolation {unknown}
 m - a scroll of teleportation {unknown}
Potions
 i - a potion of haste {unknown}
 k - a potion of brilliance {unknown}
Comestibles
 c - 6 rations


   Skills:
 - Level 3.0 Fighting
 * Level 4.4 Polearms
 - Level 1.7 Armour
 - Level 1.7 Dodging


You had 3 spell levels left.
You didn't know any spells.
Your spell library was empty.

Dungeon Overview and Level Annotations

Branches:
Dungeon (2/15)

Altars:


Innate Abilities, Weirdness & Mutations

You are surrounded by a mild repulsion field. (EV +2)
You regenerate a little health from kills.


Message History

You see here a stone.
You feel sick.
The kobold shoots a stone.
The stone barely misses you.
You see here a stone.
The kobold shoots a stone.
The stone barely misses you.
Things that are here:
a stone; a quokka skeleton You feel sick.
You are no longer poisoned.
You start resting.
The kobold is too close now for your liking.
You are too injured to fight recklessly!
You are too injured to fight recklessly!
The kobold drinks a potion.
The kobold seems to grow stronger.
You hit the kobold but do no damage.
The kobold unwields a +0 hunting sling.
The kobold wields a +0 mace of protection.
The kobold misses you.
You barely miss the kobold. The kobold hits you but does no damage.
You barely miss the kobold.
The kobold hits you with a +0 mace of protection!
You die...

..# ###.###.### #..
#.# ..###...###.#
#..###.#
............#
#..#...#
#.###.#######
#..#รท..# #.# #.#
####..(.... #.# #.#
#.......... #.# #.#
##.##....... #.#
#.#
########...#.##)...
#.# #.#
#.@.....>.........#
#.###.#
#K######...#.##..##
....#.# #(#
##.##.##..# ....#.#
#.# #.<...)..#
......# #(#
#.##.....## ....##
#.# #.####<....
)....# #(# #.#
#.###. ....## #.#
#.# #.# #. ...##
#.# #.# #.###.


You could see a kobold (strong).

Vanquished Creatures
  2 adders (D:2)
  2 dart slugs
  2 leopard geckos
  A ball python (D:1)
  3 giant cockroaches
  3 goblins (D:2)
  5 hobgoblins
  6 jackals
  A quokka (D:2)
  3 bats
  2 frilled lizards (D:2)
  6 kobolds
  6 rats
42 creatures vanquished.

Notes
Turn   | Place    | Note
-------+----------+-------------------------------------------
     0 | D:1      | gruber the Demonspawn Berserker began the quest for the
                  | Orb.
     0 | D:1      | Reached XP level 1. HP: 18/18 MP: 1/1
   176 | D:1      | Reached skill level 3 in Polearms
   318 | D:1      | Gained mutation: You are surrounded by a mild repulsion
                  | field. (EV +2) [demonic ancestry]
   318 | D:1      | Reached XP level 2. HP: 22/24 MP: 2/2
  1319 | D:2      | Reached ** piety under Trog
  1323 | D:2      | Gained mutation: You regenerate a little health from kills.
                  | [demonic ancestry]
  1323 | D:2      | Reached XP level 3. HP: 14/29 MP: 3/3
  1832 | D:2      | Reached skill level 4 in Polearms
  2165 | D:2      | Reached XP level 4. HP: 24/35 MP: 4/4
  2187 | D:2      | Slain by a kobold

Illustrated notes

Levels and vault maps discovered:
D:1:      dpeg_arrival_simpleton_c, layout_loops_corners, minivault_14
D:2:      layout_loops_ring, minmay_misc_feat_iff

Skill      XL: |  1  2  3 |
---------------+----------+-----
Polearms       | 3 4 |  4.4
Fighting       | |  3.0
Armour         | |  1.7
Dodging        | |  1.7

Action                   |  1- 3 |  4- 6 || total
-------------------------+-------+-------++-------
Melee: Spear             |   157 |     3 ||   160
Invok: Berserk           |     3 |       ||     3
 Stab: Sleeping          |     5 |       ||     5
  Eat: Chunk             |     6 |     1 ||     7
Armor: Animal skin       |    22 |       ||    22
Dodge: Dodged            |    97 |     4 ||   101
